AoeStats
← Khirs

Black Forest

509398913Analyzed
4v4 RM · 4d ago on Sep 26, 2026· 53m 3s· 8 players
Game mode
Random Map
Map size
Large (8 player)
Population
200
Speed
Normal
Resources
Standard
Victory
Conquest
Starting age
Dark Age
Ending age
Imperial Age
RankedLock teamsTeams togetherTeam positionsShared explorationLock speedFull tech treeHidden civsTurbo modeCheats
Victory
Defeat
🇹🇼 Bohemians · Taiwan
869
+11
🇫🇷 Malians · France
821
+13
🇹🇼 Bulgarians · Taiwan
810
+13
🇵🇪 Danes · Peru
767
+15
🇨🇳 Georgians · China
852
-17
🇪🇸 Teutons · Spain
748
-13
🇨🇳 Britons · China
706
-11
🇹🇼 Goths · Taiwan
700
-18
Khirs
0:32 Loom
14:14 Feudal Age
14:44 Double-Bit Axe
14:41 Horse Collar
21:47 Castle Age
19:57 Stone Mining
21:07 Gold Mining
21:17 Fletching
23:04 Stone Shaft Mining
22:44 Bow Saw
22:38 Heavy Plow
23:23 Bodkin Arrow
30:27 Fortified Wall
34:13 Imperial Age
32:13 Ballistics
33:00 Wheelbarrow
31:51 Man-at-Arms
31:52 Pikeman
32:48 Scale Mail Armor
33:28 Arson
34:21 Forging
34:16 Squires
36:05 Chemistry
34:34 Halberdier
35:54 Iron Casting
35:43 Conscription
36:14 Coinage
36:44 Crop Rotation
37:39 Blast Furnace
38:23 Hand Cart
38:33 Chain Mail Armor
38:32 Scale Barding Armor
39:01 Masonry
38:21 Elite Teutonic Knight
39:41 Caravan
41:07 Two-Man Saw
40:57 Plate Mail Armor
41:58 Ironclad
42:02 Chain Barding Armor
41:12 Cavalier
42:00 Arrowslits
42:09 Town Watch
43:04 Banking
43:02 Onager
45:22 Plate Barding Armor
45:57 Siege Engineers
47:26 Guilds
AI
11:13 Feudal Age
15:08 Castle Age
30:23 Imperial Age
27:43 Horse Collar
27:54 Double-Bit Axe
28:55 Gold Mining
30:37 Wheelbarrow
30:10 Heavy Plow
31:31 Padded Archer Armor
31:22 Fletching
32:27 Hand Cart
32:27 Bow Saw
32:48 Elite Longbowman
34:11 Conscription
34:58 Gold Shaft Mining
35:57 Loom
36:51 Caravan
37:05 Warwolf
37:29 Town Watch
38:09 Leather Archer Armor
37:50 Bodkin Arrow
38:59 Two-Man Saw
37:55 Stone Mining
38:15 Town Patrol
38:51 Yeomen
41:02 Bracer
42:00 Ballistics
46:03 Gambesons
46:18 Squires
45:40 Pikeman
46:05 Arson
47:15 Halberdier
48:23 Crossbowman
48:49 Arbalester
patrick60303
13:03 Feudal Age
13:24 Horse Collar
13:34 Double-Bit Axe
21:33 Castle Age
19:38 Stone Mining
20:41 Wheelbarrow
22:32 Bow Saw
28:04 Caravan
28:55 Wheelbarrow
30:17 Stone Shaft Mining
33:44 Imperial Age
32:16 Hand Cart
32:49 Gold Mining
34:58 Squires
36:00 Town Watch
36:44 Scale Mail Armor
36:54 Forging
36:15 Elite Huskarl
37:08 Heavy Plow
38:24 Two-Man Saw
38:55 Perfusion
38:55 Anarchy
39:41 Crop Rotation
41:02 Iron Casting
40:43 Chain Mail Armor
40:53 Conscription
42:00 Town Patrol
44:35 Blast Furnace
44:28 Loom
摘星怪
0:38 Loom
15:25 Feudal Age
19:36 Castle Age
18:23 Double-Bit Axe
18:20 Horse Collar
20:54 Bow Saw
21:05 Stone Mining
28:27 Stone Shaft Mining
27:43 Gold Mining
29:47 Wheelbarrow
31:15 Hand Cart
36:28 Imperial Age
35:02 Forging
34:57 Scale Barding Armor
35:11 Town Watch
36:52 Svan Towers
37:02 Fortified Wall
38:12 Conscription
37:57 Aznauri Cavalry
37:14 Elite Monaspa
37:58 Heavy Plow
38:45 Iron Casting
38:30 Chain Barding Armor
38:26 Bloodlines
38:16 Husbandry
37:37 Light Cavalry
40:57 Blast Furnace
39:20 Man-at-Arms
39:45 Gambesons
40:01 Squires
39:46 Arson
42:09 Plate Barding Armor
41:49 Masonry
41:20 Treadmill Crane
41:35 Murder Holes
45:23 Architecture
45:56 Hussar
abou
0:29 Loom
15:40 Feudal Age
22:50 Horse Collar
25:39 Castle Age
25:00 Double-Bit Axe
25:32 Gold Mining
25:33 Stone Mining
28:18 Fortified Wall
27:49 Treadmill Crane
28:50 Masonry
33:20 Imperial Age
31:19 Ballistics
32:44 Stone Shaft Mining
33:07 Arson
34:46 Heavy Plow
36:03 Forging
35:53 Scale Mail Armor
36:07 Bow Saw
37:35 Chemistry
38:48 Wheelbarrow
37:59 Town Watch
38:23 Murder Holes
38:23 Fletching
38:33 Padded Archer Armor
39:26 Bodkin Arrow
40:35 Conscription
41:10 Iron Casting
42:39 Leather Archer Armor
44:35 Chain Mail Armor
44:34 Bloodlines
47:04 Tigui
46:25 Elite Gbeto
49:14 Caravan
teru0215
3:01 Loom
15:46 Feudal Age
22:28 Castle Age
21:56 Horse Collar
22:05 Double-Bit Axe
26:13 Murder Holes
26:30 Fortified Wall
26:32 Masonry
28:02 Forging
30:06 Ballistics
30:01 Heavy Plow
33:02 Bow Saw
33:56 Chemistry
35:24 Wheelbarrow
35:20 Caravan
37:02 Hand Cart
36:33 Town Watch
37:02 Scale Mail Armor
37:38 Iron Casting
36:54 Fletching
43:23 Imperial Age
44:33 Elite Hussite Wagon
45:24 Wagenburg Tactics
45:42 Conscription
45:07 Elite Skirmisher
45:58 Arson
46:13 Squires
45:34 Pikeman
46:45 Town Patrol
47:52 Architecture
47:33 Siege Engineers
47:04 Halberdier
53:35 Padded Archer Armor
交保候傳
6:03 Loom
10:54 Feudal Age
12:22 Double-Bit Axe
15:01 Castle Age
14:09 Horse Collar
16:23 Wheelbarrow
16:00 Bow Saw
25:22 Hand Cart
28:50 Imperial Age
27:07 Forging
26:57 Scale Mail Armor
27:02 Scale Barding Armor
27:07 Stone Mining
27:07 Gold Mining
28:26 Iron Casting
28:06 Chain Mail Armor
29:07 Gold Shaft Mining
28:28 Town Watch
29:04 Chain Mail Armor
29:09 Chain Barding Armor
29:04 Chain Mail Armor
29:09 Chain Barding Armor
30:41 Blast Furnace
30:11 Plate Mail Armor
30:35 Conscription
30:10 Stirrups
32:31 Plate Barding Armor
31:19 Elite Konnik
32:51 Caravan
32:59 Bagains
33:15 Gambesons
33:30 Squires
33:15 Arson
33:15 Gambesons
33:30 Squires
33:15 Arson
34:06 Heavy Plow
37:07 Bloodlines
36:57 Husbandry
37:56 Fletching
37:49 Light Cavalry
39:50 Siege Engineers
41:52 Bodkin Arrow
42:11 Masonry
43:05 Chemistry
43:10 Architecture
43:46 Bracer
48:07 Murder Holes
48:36 Ballistics
joaolex1978
1:12 Loom
11:02 Feudal Age
12:14 Double-Bit Axe
13:05 Horse Collar
18:01 Castle Age
16:57 Gold Mining
19:16 Bow Saw
22:26 Heavy Plow
25:04 Wheelbarrow
24:26 Stone Mining
25:14 Gold Shaft Mining
25:02 Town Watch
30:54 Imperial Age
29:13 Hand Cart
30:41 Stone Shaft Mining
30:43 Town Patrol
31:50 Ballistics
31:43 Forging
31:39 Scale Mail Armor
31:21 Capped Ram
32:58 Iron Casting
32:43 Chain Mail Armor
32:21 Fletching
33:41 Chemistry
33:08 Conscription
32:56 Squires
35:16 Blast Furnace
34:50 Plate Mail Armor
34:19 Bodkin Arrow
35:15 Siege Ram
35:37 Hamask
36:47 Onager
37:00 Elite Jomsviking
38:02 Bracer
38:06 Padded Archer Armor
38:32 Elite Varangian Guard
40:24 Caravan
40:27 Arson
40:28 Gambesons
40:08 Siege Onager
41:18 Northmen's Fury
41:27 Heavy Scorpion
47:40 Elite Skirmisher
48:26 Thumb Ring
50:04 Leather Archer Armor
49:57 Scale Barding Armor
Connection lost

Rejoining the realm…

Still unreachable

The connection could not be restored.

Session expired

The server has moved on; the page needs a fresh start.